 Dungeon Crawl Stone Soup version 0.29-a0-352-g0917bc69df (webtiles) character file.

Game seed: 4879227421620040251

1055 spaghetti the Digger (level 8, 0/58 HPs)
             Began as a Gnoll Earth Elementalist on Apr 24, 2022.
             Was a Follower of Cheibriados.
             Slain by a river rat (7 damage)
             ... on level 5 of the Dungeon.
             The game lasted 00:09:42 (6297 turns).

spaghetti the Digger (Gnoll Earth Elementalist)     Turns: 6297, Time: 00:09:43

Health: 0/58       AC:  2    Str: 12    XL:     8   Next: 26%
Magic:  16/16      EV: 20    Int: 19    God:    Cheibriados [*.....]
Gold:   224        SH:  0    Dex: 21    Spells: 10/18 levels left

rFire   . . .      SeeInvis .   A - +9 club (flame) {mace}
rCold   . . .      Faith    .   (no shield)
rNeg    . . .      Spirit   .   v - +0 robe of the First Mystics {Will+ Dex+6 Stlth+}
rPois   .          Reflect  .   (no helmet)
rElec   .          Harm     .   (no cloak)
rCorr   .          Rampage  .   (no gloves)
Will    +....                   (no boots)
Stlth   ++++......              (no amulet)
HPRegen 0.19/turn               w - +4 ring of slaying
MPRegen 0.15/turn               t - +4 ring of evasion

@: attractive, very slow
A: fangs 1, strong nose, distributed training
a: Renounce Religion, Bend Time


You were on level 5 of the Dungeon.
You worshipped Cheibriados.
Cheibriados was aware of your devotion.
You visited 2 branches of the dungeon, and saw 6 of its levels.

You collected 224 gold pieces.


Innate Abilities, Weirdness & Mutations

You have very sharp teeth.
Your uncanny sense of smell can sniff out nearby items.
Your experience applies equally to all skills.


   Skills:
 + Level 3.1 Fighting
 + Level 3.1 Short Blades
 + Level 3.1 Long Blades
 + Level 3.1 Axes
 + Level 3.1 Maces & Flails
 + Level 3.1 Polearms
 + Level 3.1 Staves
 + Level 3.1 Slings
 + Level 3.1 Bows
 + Level 3.1 Crossbows
 + Level 3.1 Throwing
 + Level 3.1 Armour
 + Level 5.6 Dodging
 + Level 5.2 Stealth
 + Level 3.1 Shields
 + Level 3.1 Unarmed Combat
 + Level 5.9 Spellcasting
 + Level 2.5 Conjurations
 + Level 2.5 Hexes
 + Level 2.5 Summonings
 + Level 2.5 Necromancy
 + Level 2.5 Translocations
 + Level 3.3 Transmutations
 + Level 2.5 Fire Magic
 + Level 2.5 Ice Magic
 + Level 2.5 Air Magic
 + Level 6.0 Earth Magic
 + Level 2.5 Poison Magic
 + Level 3.4 Invocations
 + Level 3.1 Evocations


You had 10 spell levels left.
You knew the following spells:

 Your Spells              Type           Power      Damage    Failure   Level
a - Sandblast             Erth           56%        2d13      1%          1
b - Stone Arrow           Conj/Erth      44%        3d9       6%          3
c - Petrify               Tmut/Erth      23%        N/A       16%         4

Your spell library contained the following spells:

 Spells                   Type           Power      Damage    Failure   Level
 Passwall                 Tmut/Erth      19%        N/A       2%          2
 Portal Projectile        Hex/Tloc       30%        N/A       12%         3
 Blade Hands              Tmut           9%         N/A       61%         5
 Excruciating Wounds      Necr           7%         N/A       73%         5
 Summon Forest            Summ/Tloc      7%         N/A       73%         5
 Summon Mana Viper        Hex/Summ       15%        N/A       73%         5
 Summon Cactus Giant      Summ           7%         N/A       99%         6

Inventory:

Hand Weapons
 k - a +2 vampiric short sword {short}
   (You took it off a kobold on level 1 of the Dungeon)
 A - a +9 club of flaming (weapon) {mace}
   (You took it off Jessica on level 3 of the Dungeon)
Missiles
 a - 146 stones (quivered) {throwing}
 e - 3 poisoned darts {throwing}
 q - 13 javelins {throwing}
 r - a throwing net {=f!fthrowing}
 x - 4 boomerangs {throwing}
 C - 3 datura-tipped darts {forbiddenthrowing}
Armour
 b - a +0 robe
 v - the +0 robe of the First Mystics (worn) {Will+ Dex+6 Stlth+}
   (You found it on level 3 of the Dungeon)

   Dex:       It affects your dexterity (+6).
   Will:      It increases your willpower.
   Stlth:     It makes you more stealthy.
Jewellery
 p - a +6 ring of strength
   (You found it on level 2 of the Dungeon)
 t - a +4 ring of evasion (right hand)
   (You found it on level 2 of the Dungeon)
 w - a +4 ring of slaying (left hand)
   (You found it on level 2 of the Dungeon)
Wands
 z - a wand of digging (10)
   (You took it off Jessica on level 3 of the Dungeon)
 F - a wand of iceblast (10)
   (You found it on level 5 of the Dungeon)
Scrolls
 d - a scroll of teleportation {unknown}
 i - a scroll of torment {unknown}
 j - a scroll of noise {!r}
 n - 3 scrolls of immolation {!r!r}
 s - 2 scrolls of identify {@r1}
 y - 2 scrolls of fog {unknown}
 D - a scroll of fear
 G - a scroll of enchant weapon
Potions
 c - a potion of magic
 f - a potion of attraction {!q}
 g - 2 potions of curing {unknown}
 h - a potion of resistance {unknown}
 m - 2 potions of lignification {unknown}
 o - a potion of mutation {unknown}
 u - 2 potions of flight {unknown}
 B - a potion of might {unknown}
 E - a potion of haste {unknown}

Dungeon Overview and Level Annotations

Branches:
Dungeon (5/15)             Temple (1/1) D:4

Altars:
Ashenzari
Cheibriados
Dithmenos
Elyvilon
Fedhas
Hepliaklqana
Kikubaaqudgha
Makhleb
Nemelex Xobeh
Okawaru
Qazlal
Ru
Trog
Uskayaw
Vehumet
Wu Jian
Zin
The Shining One

Shops:
D:2

[?*==
##..............≈≈#
###
##...###.#####..≈≈≈#
#.....##.# #...#≈#
##...#.#.# #..≈≈≈#
##........# #..≈#≈#
#...#.#.### ##o≈o≈≈#
##.....#######.Sro#
#...#.## #.....orr#
....#.# #.####.@.#
#####.# #.# #...#
#.# #.# #.#.# ####.#
#.# #...#
##....####.# ###.#
...........# .#
##................#
##################


You could see 3 river rats, a friendly orc wizard (summoned, invisible), a
friendly adder (summoned) and 3 friendly orcs.


Message History

You closely miss the adder. Your bite misses the adder.
The river rat bites you. The river rat completely misses you.
The adder bites you but does no damage. The adder closely misses you.
The river rat misses you. x2 😕 HP[-3]
You take 3 damage, and now have 49/58 hp.
You hit the river rat. You burn the river rat. The adder closely misses you.
The river rat closely misses you. The river rat bites you. 😕 HP[-3]
You take 3 damage, and now have 46/58 hp.
You barely miss the river rat.
You bite the river rat, but do no damage.
The adder barely misses you. The river rat bites you.
The river rat misses you. 😮 HP[-4]
You take 4 damage, and now have 42/58 hp.
You hit the river rat but do no damage. The adder closely misses you.
The adder misses you. The river rat completely misses you.
The river rat closely misses you.
You closely miss the adder. The adder bites you. The river rat bites you. x2
The river rat closely misses you. 😮 HP[-10]
You take 10 damage, and now have 32/58 hp.
You hit the adder. You burn the adder. The adder barely misses you.
The river rat completely misses you. The river rat misses you.
The river rat bites you.
* * * LOW HITPOINT WARNING * * *
The adder misses you. 😨 HP[-3]
You take 3 damage, and now have 29/58 hp.
You hit the adder but do no damage. The adder closely misses you.
The river rat completely misses you. The river rat misses you. x2
The adder closely misses you. 😮 HP[+1]
You closely miss the adder. You bite the adder, but do no damage.
The river rat completely misses you. The river rat barely misses you.
The river rat closely misses you. The adder misses you.
The river rat closely misses you. x2; The river rat bites you.
* * * LOW HITPOINT WARNING * * *
😨 HP[-3]
You take 3 damage, and now have 27/58 hp.
You barely miss the adder. The adder closely misses you.
The river rat completely misses you. The river rat bites you.
* * * LOW HITPOINT WARNING * * *
The river rat misses you. 😨 HP[-3]
You take 3 damage, and now have 24/58 hp.
As you read the scroll of summoning, it crumbles to dust.
Wisps of shadow whirl around you... The adder bites you.
* * * LOW HITPOINT WARNING * * *
You are poisoned.
The adder poisons you! The adder bites you.
* * * LOW HITPOINT WARNING * * *
The river rat closely misses you. The river rat barely misses you.
The river rat bites you.
* * * LOW HITPOINT WARNING * * *
😨 HP[-9]
You take 9 damage, and now have 15/58 hp.
Unknown command.
You thump the adder! You burn the adder.
You kill the adder!
Cheibriados thoroughly appreciates the change of pace.
Cheibriados raises the support of your attributes as your movement slows.
You feel sick.
Your adder bites the river rat but does no damage.
The river rat bites you.
* * * LOW HITPOINT WARNING * * *
The river rat completely misses you. x2; Your orc closely misses the river rat.
Your orc wizard mumbles some strange words.
Your orc wizard flickers and vanishes for a moment.
Your orc barely misses the river rat. x2 😱 HP[-5]
You take 5 damage, and now have 10/58 hp.
You swap places.
You feel sick.
Your adder bites the river rat.
The river rat bites your orc!
Your orc dies!
Your orc's corpse dissolves into shadows!
The river rat misses your adder.
Your orc barely misses the river rat.
Your orc closely misses the river rat.
Your adder bites the river rat but does no damage.
Unknown command.
The river rat attacks as you move away! The river rat barely misses you.
You feel sick.
Your adder barely misses the river rat.
Your orc barely misses the river rat.
The river rat bites your orc!
Your orc dies!
Your orc's corpse dissolves into shadows!
The river rat bites you.
* * * LOW HITPOINT WARNING * * *
Your adder barely misses the river rat. 😱 HP[-2]
You take 2 damage, and now have 8/58 hp.
Okay, then.
It was a potion of attraction.
You feel attractive to monsters.
You feel sick.
You are no longer poisoned.
Your orc hits the river rat but does no damage.
Your orc misses the river rat.
Your adder bites the river rat but does no damage.
The river rat misses you. The river rat bites you!
You die...

Skill      XL: |  1  2  3  4  5  6  7  8 |
---------------+-------------------------+-----
Transmutations | 2 3 |  3.3
Spellcasting   | 5 |  5.9
Invocations    | 1 2 3 |  3.4
Fighting       | 1 2 3 |  3.1
Short Blades   | 1 2 3 |  3.1
Long Blades    | 1 2 3 |  3.1
Axes           | 1 2 3 |  3.1
Maces & Flails | 1 2 3 |  3.1
Polearms       | 1 2 3 |  3.1
Staves         | 1 2 3 |  3.1
Slings         | 1 2 3 |  3.1
Bows           | 1 2 3 |  3.1
Crossbows      | 1 2 3 |  3.1
Throwing       | 1 2 3 |  3.1
Armour         | 1 2 3 |  3.1
Shields        | 1 2 3 |  3.1
Unarmed Combat | 1 2 3 |  3.1
Evocations     | 1 2 3 |  3.1
Conjurations   | 1 2 |  2.5
Hexes          | 1 2 |  2.5
Summonings     | 1 2 |  2.5
Necromancy     | 1 2 |  2.5
Translocations | 1 2 |  2.5
Fire Magic     | 1 2 |  2.5
Ice Magic      | 1 2 |  2.5
Air Magic      | 1 2 |  2.5
Poison Magic   | 1 2 |  2.5
Dodging        | 5 |  5.6
Stealth        | 5 |  5.2
Earth Magic    | 6 |  6.0

Action                   |  1- 3 |  4- 6 |  7- 9 || total
-------------------------+-------+-------+-------++-------
Melee: Unarmed           |    49 |       |       ||    49
       Bite              |     5 |     8 |     5 ||    18
       Short sword       |    55 |    35 |       ||    90
       Punch             |       |     1 |       ||     1
       Club              |       |    43 |    67 ||   110
Throw: Stone             |       |       |    44 ||    44
 Cast: Sandblast         |    19 |    26 |       ||    45
       Stone Arrow       |     2 |     7 |       ||     9
       Petrify           |       |     4 |       ||     4
  Use: Scroll            |       |     7 |     2 ||     9
       Potion            |       |     1 |     1 ||     2
 Stab: Sleeping          |     7 |    10 |     5 ||    22
       Petrified         |       |     2 |       ||     2
Armor: Robe              |    18 |    13 |     5 ||    36
Dodge: Dodged            |    78 |    91 |   103 ||   272

Levels and vault maps discovered:
D:1:      roderic_crossed_star, layout_loops_ring,
          shapermc_ecumenical_altar_mp_urbaneastern
D:2:      layout_basic, serial_shops, shop, nicolae_shop_waterfront,
          nicolae_shop_hallway_stairs, shop, nicolae_shop_stone,
          minmay_joined_circles
D:3:      layout_loops_corners, minmay_close_crescents, uniq_jessica
D:4:      layout_loops_ring, minmay_temple_entry_statues_fountains
D:5:      layout_loops_ring, lightli_sewer_entry_pipes,
          nicolae_figureground_pulse
Temple:   mainiacjoe_temple_bowtie_tessellation

Notes
Turn   | Place    | Note
-------+----------+-------------------------------------------
     0 | D:1      | spaghetti the Gnoll Earth Elementalist began the quest for
                  | the Orb.
     0 | D:1      | Reached XP level 1. HP: 13/13 MP: 6/6
     0 | D:1      | magus.rc [v1.9.6]
   359 | D:1      | Reached skill level 2 in Transmutations
   472 | D:1      | Reached XP level 2. HP: 17/19 MP: 3/7
   891 | D:1      | Found a faded altar of an unknown god.
   935 | D:1      | Reached XP level 3. HP: 25/25 MP: 9/9
   939 | D:1      | Learned a level 3 spell: Stone Arrow
  1037 | D:1      | Reached skill level 5 in Spellcasting
  1340 | D:2      | Reached skill level 1 in Invocations
  1503 | D:2      | Found Nerick's Antique Armour Emporium.
  1588 | D:2      | Found Yliad's Jewellery Boutique.
  1598 | D:2      | Reached skill level 1 in Fighting
  1598 | D:2      | Reached skill level 1 in Short Blades
  1598 | D:2      | Reached skill level 1 in Long Blades
  1598 | D:2      | Reached skill level 1 in Axes
  1598 | D:2      | Reached skill level 1 in Maces & Flails
  1598 | D:2      | Reached skill level 1 in Polearms
  1598 | D:2      | Reached skill level 1 in Staves
  1598 | D:2      | Reached skill level 1 in Slings
  1598 | D:2      | Reached skill level 1 in Bows
  1598 | D:2      | Reached skill level 1 in Crossbows
  1598 | D:2      | Reached skill level 1 in Throwing
  1598 | D:2      | Reached skill level 1 in Armour
  1598 | D:2      | Reached skill level 1 in Shields
  1598 | D:2      | Reached skill level 1 in Unarmed Combat
  1598 | D:2      | Reached skill level 1 in Evocations
  1600 | D:2      | Reached XP level 4. HP: 17/32 MP: 2/11
  1884 | D:2      | Reached skill level 1 in Conjurations
  1884 | D:2      | Reached skill level 1 in Hexes
  1884 | D:2      | Reached skill level 1 in Summonings
  1884 | D:2      | Reached skill level 1 in Necromancy
  1884 | D:2      | Reached skill level 1 in Translocations
  1884 | D:2      | Reached skill level 1 in Fire Magic
  1884 | D:2      | Reached skill level 1 in Ice Magic
  1884 | D:2      | Reached skill level 1 in Air Magic
  1884 | D:2      | Reached skill level 1 in Poison Magic
  2020 | D:2      | Found Assual's Assorted Antiques.
  2075 | D:2      | Found Omeosch's Magic Scroll Emporium.
  2110 | D:2      | Found Ruhiuz's Jewellery Boutique.
  2293 | D:2      | Reached XP level 5. HP: 37/37 MP: 12/12
  2483 | D:2      | You pick up a book of the Wilderness and begin reading...
  2483 | D:2      | You add the spells Summon Forest, Summon Mana Viper and
                  | Summon Cactus Giant to your library.
  2543 | D:2      | You pick up a book of Weapons and begin reading...
  2543 | D:2      | You add the spells Portal Projectile, Excruciating Wounds
                  | and Blade Hands to your library.
  2652 | D:2      | Learned a level 4 spell: Petrify
  2805 | D:3      | Noticed Jessica
  2813 | D:3      | Killed Jessica
  3221 | D:3      | HP: 7/37 [orc/+0 trident (3)]
  3224 | D:3      | HP: 3/38 [goblin/+0 dagger (3)]
  3704 | D:3      | Reached XP level 6. HP: 41/44 MP: 13/13
  3707 | D:3      | Reached skill level 2 in Invocations
  4117 | D:3      | Identified the +0 robe of the First Mystics {Will+ Dex+6
                  | Stlth+}
  4350 | D:4      | Reached skill level 2 in Fighting
  4350 | D:4      | Reached skill level 2 in Short Blades
  4350 | D:4      | Reached skill level 2 in Long Blades
  4350 | D:4      | Reached skill level 2 in Axes
  4350 | D:4      | Reached skill level 2 in Maces & Flails
  4350 | D:4      | Reached skill level 2 in Polearms
  4350 | D:4      | Reached skill level 2 in Staves
  4350 | D:4      | Reached skill level 2 in Slings
  4350 | D:4      | Reached skill level 2 in Bows
  4350 | D:4      | Reached skill level 2 in Crossbows
  4350 | D:4      | Reached skill level 2 in Throwing
  4350 | D:4      | Reached skill level 2 in Armour
  4350 | D:4      | Reached skill level 5 in Dodging
  4350 | D:4      | Reached skill level 2 in Shields
  4350 | D:4      | Reached skill level 2 in Unarmed Combat
  4350 | D:4      | Reached skill level 2 in Evocations
  4407 | D:4      | Reached XP level 7. HP: 49/50 MP: 15/15
  4425 | D:4      | Found a staircase to the Ecumenical Temple.
  4447 | Temple   | Entered the Ecumenical Temple
  4643 | Temple   | Became a worshipper of Cheibriados the Contemplative
  4702 | D:4      | Reached skill level 2 in Conjurations
  4702 | D:4      | Reached skill level 2 in Hexes
  4702 | D:4      | Reached skill level 2 in Summonings
  4702 | D:4      | Reached skill level 2 in Necromancy
  4702 | D:4      | Reached skill level 2 in Translocations
  4702 | D:4      | Reached skill level 2 in Fire Magic
  4702 | D:4      | Reached skill level 2 in Ice Magic
  4702 | D:4      | Reached skill level 2 in Air Magic
  4702 | D:4      | Reached skill level 2 in Poison Magic
  5006 | D:4      | Reached skill level 3 in Transmutations
  5381 | D:5      | Entered Level 5 of the Dungeon
  5412 | D:4      | Reached * piety under Cheibriados
  5416 | D:4      | Reached skill level 5 in Stealth
  5661 | D:5      | Reached skill level 3 in Invocations
  5944 | D:5      | Reached skill level 6 in Earth Magic
  5944 | D:5      | Reached XP level 8. HP: 26/57 MP: 16/16
  5945 | D:5      | Reached skill level 3 in Fighting
  5945 | D:5      | Reached skill level 3 in Short Blades
  5945 | D:5      | Reached skill level 3 in Long Blades
  5945 | D:5      | Reached skill level 3 in Axes
  5945 | D:5      | Reached skill level 3 in Maces & Flails
  5945 | D:5      | Reached skill level 3 in Polearms
  5945 | D:5      | Reached skill level 3 in Staves
  5945 | D:5      | Reached skill level 3 in Slings
  5945 | D:5      | Reached skill level 3 in Bows
  5945 | D:5      | Reached skill level 3 in Crossbows
  5945 | D:5      | Reached skill level 3 in Throwing
  5945 | D:5      | Reached skill level 3 in Armour
  5945 | D:5      | Reached skill level 3 in Shields
  5945 | D:5      | Reached skill level 3 in Unarmed Combat
  5945 | D:5      | Reached skill level 3 in Evocations
  6294 | D:5      | HP: 14/58 [poisoned by an adder]
  6297 | D:5      | Slain by a river rat

Vanquished Creatures
  A centaur (D:5)
  A phantom (D:4)
  A bullfrog (D:4)
  2 scorpions (D:4)
  3 orc priests
  3 hounds
  A jelly (D:5)
  Jessica (D:3)
  An iguana (D:4)
  2 orc wizards (D:3)
  8 gnolls
  A river rat (D:5)
  8 adders
  3 dart slugs
  23 orcs
  10 ball pythons
  8 endoplasms
  4 giant cockroaches
  4 goblins
  7 hobgoblins
  3 jackals
  11 kobolds
  7 quokkas
  7 bats
  4 frilled lizards
  7 rats
131 creatures vanquished.

Vanquished Creatures (collateral kills)
  2 scorpions (D:5)
2 creatures vanquished.

Vanquished Creatures (others)
  6 fungi (D:1)
  7 plants (D:1)
13 creatures vanquished.

Grand Total: 146 creatures vanquished

Table legend:
 A = Non-vault XP
 B = Vault XP
 C = Vault XP percentage of total XP
 D = Non-vault monster count
 E = Vault monster count
 F = Vault count percentage of total count
                 A         B        C        D         E       F
            +---------+---------+-------+---------+---------+-------
      Total |    1396 |     112 |   7.4 |     116 |      17 |  12.8
            +---------+---------+-------+---------+---------+-------
        D:1 |      43 |       0 |   0.0 |      23 |       0 |   0.0
        D:2 |     123 |      43 |  25.9 |      25 |      11 |  30.6
        D:3 |     138 |      41 |  22.9 |      25 |       4 |  13.8
        D:4 |     605 |       0 |   0.0 |      31 |       0 |   0.0
        D:5 |     487 |      28 |   5.4 |      12 |       2 |  14.3
            +---------+---------+-------+---------+---------+-------

Illustrated notes

Table legend:
 A = Kills in this place as a percentage of kills in entire the game.
 B = Kills by you in this place as a percentage of kills by you in the entire game.
 C = Kills by friends in this place as a percentage of kills by friends in the entire game.
 D = Other kills in this place as a percentage of other kills in the entire game.
 E = Experience gained in this place as a percentage of experience gained in the entire game.
 F = Experience gained in this place divided by the number of levels of this place that you have seen.
                   A       B       C       D       E      F
               +-------+-------+-------+-------+-------+----------------------
         Total | 100.0 | 100.0 | 100.0 |   N/A | 100.0 | 251.3
       Dungeon | 100.0 | 100.0 | 100.0 |   N/A | 100.0 | 301.6
               +-------+-------+-------+-------+-------+----------------------

Table legend: (Time is in decaauts)
 A = Elapsed time spent in this place.
 B = Non-inter-level travel time spent in this place.
 C = Inter-level travel time spent in this place.
 D = Time resting spent in this place.
 E = Time spent auto-exploring this place.
 F = Levels seen in this place.
 G = Mean time per level.
                   A        B        C        D        E       F      G
               +--------+--------+--------+--------+--------+-----+--------+
         Total |   6608 |   6347 |    261 |   1175 |   4225 |   6 | 1101.3 |
       Dungeon |   6379 |   6149 |    230 |   1175 |   4045 |   5 | 1275.8 |
        Temple |    229 |    198 |     31 |      0 |    180 |   1 |  229.0 |
               +--------+--------+--------+--------+--------+-----+--------+

Top non-repeatable levels by time:
     D:1: 1623 daAuts
     D:4: 1550 daAuts
     D:3: 1533 daAuts
     D:2: 1151 daAuts
     D:5: 520 daAuts
  Temple: 229 daAuts
